 Dungeon Crawl Stone Soup version 0.31-a0-841-g038b102fc3 (webtiles) character file.

Game seed: 7233045600986418272

11 Bravepunisher the Ducker (level 2, -2/16 HPs)
             Began as a Spriggan Monk on Sept 27, 2023.
             Slain by an orc
             ... wielding a +0 falchion
              (7 damage)
             ... on level 5 of the Dungeon.
             The game lasted 00:01:56 (410 turns).

Bravepunisher the Ducker (Spriggan Monk)             Turns: 410, Time: 00:01:57

Health: -2/16      AC:  2    Str:  7    XL:     2   Next: 17%
Magic:  3/3        EV: 19    Int: 11    God:
Gold:   22         SH:  0    Dex: 17    Spells: 1/1 levels left

rFire   . . .        a - +0 short sword
rCold   . . .        (no shield)
rNeg    . . .        b - +0 robe
rPois   .            (helmet restricted)
rElec   .            (no cloak)
rCorr   .            (gloves unavailable)
SInv    +            (boots unavailable)
Will    .....        (no amulet)
Stlth   ++           (no ring)
HPRegen 0.22/turn    (no ring)
MPRegen 0.08/turn

%: no passive effects
@: very quick
A: very small, no large weapons, unfitting armour, see invisible, speed 3
a: no special abilities


You were on level 5 of the Dungeon.
You visited 1 branch of the dungeon, and saw 5 of its levels.

You collected 22 gold pieces.

Inventory:

Hand Weapons
 a - a +0 short sword (weapon)
Armour
 b - a +0 robe (worn)
Scrolls
 d - a scroll of noise {unknown}
 e - a scroll of enchant armour {unknown}
Potions
 c - a potion of ambrosia


   Skills:
 * Level 2.8 Fighting
 - Level 3.2 Short Blades
 + Level 4.3 Dodging


You had one spell level left.
You didn't know any spells.
Your spell library was empty.

Dungeon Overview and Level Annotations

Branches:
Dungeon (5/15)
 Temple: D:4-7

Altars:

Annotations:
D:3 Ijyb


Innate Abilities, Weirdness & Mutations

You are very small and have problems with some larger weapons.
You are too small for most types of armour.
You have supernaturally acute eyesight. (SInv)
You cover ground extremely quickly. (Speed+++)


Message History

Found 13 gold pieces.
The goblin shouts!
You see here 13 gold pieces.
You hear the slow rusting of a very distant drain.
Found a stone staircase leading down.
An orc comes into view. It is wielding a +0 falchion.
Found a scroll labelled GIMAM ALUTUDGH.
You hit the orc but do no damage. The orc misses you.
You hit the orc.
The orc is moderately wounded.
You barely miss the orc.
The orc is moderately wounded.
The orc hits you with a +0 falchion.
You closely miss the orc.
The orc is moderately wounded.
The orc hits you with a +0 falchion!
You closely miss the orc.
The orc is moderately wounded.
The orc closely misses you.
You hit the orc.
You kill the orc!
An orc comes into view. It is wielding a +0 falchion.
Things that are here:
a +0 falchion; an orc corpse An orc comes into view.
It is wielding a +0 dagger.
The orc shouts! x2
There is a stone staircase leading down here.
The orc closely misses you.
You climb downwards.
There is a stone staircase leading up here.
You hit the orc.
The orc is heavily wounded.
The orc hits you with a +0 falchion.
* * * LOW HITPOINT WARNING * * *
You barely miss the orc.
The orc is heavily wounded.
You hit the orc but do no damage.
The orc is heavily wounded.
The orc hits you with a +0 falchion!
You die...

####......
..........
# ........#
.# .......#
..#
#.....##..#
##.......#
##...o...#
#....@...#
#..##...##
#.. ....# .
#.....#
..###...
..# ...# .#
..# .. #.#


You could see an orc.

Vanquished Creatures
  An adder (D:3)
  An orc (D:4)
  A rat (D:2)
3 creatures vanquished.

Notes
Turn   | Place    | Note
-------+----------+-------------------------------------------
     0 | D:1      | Bravepunisher the Spriggan Monk began the quest for the
                  | Orb.
     0 | D:1      | Reached XP level 1. HP: 11/11 MP: 2/2
   103 | D:3      | Found a faded altar of an unknown god.
   125 | D:3      | Reached XP level 2. HP: 10/16 MP: 3/3
   187 | D:3      | Identified the +0 leather armour "Guutom" {rElec Regen+}
   216 | D:3      | Noticed Ijyb
   407 | D:5      | Entered Level 5 of the Dungeon
   410 | D:5      | Slain by an orc

Illustrated notes

Levels and vault maps discovered:
D:1:      tarquinn_simple_flora_water_f, layout_basic, minmay_rat_gold_closets
D:2:      layout_basic
D:3:      layout_loops_ring, nicolae_overflows_in_rows,
          nicolae_ecumenical_oubliette, biasface_ghost_orc_armoury,
          uniq_jessica, uniq_ijyb, uniq_sigmund
D:4:      layout_basic, grunt_temple_overflow_opulence,
          minmay_temple_entry_trees, gup_sewer_entry_pipe
D:5:      layout_layer_cave, serial_shops, shop

Action                     || total
---------------------------++-------
  Melee: Short sword       ||    21
   Stab: Sleeping          ||     1
 Armour: Robe              ||    13
  Dodge: Dodged            ||    32

Table legend: (Time is in decaauts)
 A = Elapsed time spent in this place.
 B = Non-inter-level travel time spent in this place.
 C = Inter-level travel time spent in this place.
 D = Time resting spent in this place.
 E = Time spent auto-exploring this place.
 F = Levels seen in this place.
 G = Mean time per level.
                   A        B        C        D        E       F      G
               +--------+--------+--------+--------+--------+-----+--------+
         Total |    261 |    261 |      0 |      0 |     32 |   5 |   52.2 |
       Dungeon |    261 |    261 |      0 |      0 |     32 |   5 |   52.2 |
               +--------+--------+--------+--------+--------+-----+--------+

Top non-repeatable levels by time:
     D:3: 137 daAuts
     D:4: 66 daAuts
     D:2: 29 daAuts
     D:1: 25 daAuts
     D:5: 2 daAuts
